 Dungeon Crawl Stone Soup version 0.28-a0-851-g8b9cc49659 (webtiles) character file.

Game seed: 7394598852318088836

16444 ders the Geomancer (level 12, -2/59 HPs)
             Began as a Gargoyle Earth Elementalist on Nov 14, 2021.
             Was a Priest of Vehumet.
             Slain by an efreet (18 damage)
             ... in a volcano.
             The game lasted 00:34:14 (16198 turns).

ders the Geomancer (Gargoyle Earth Elementalist)   Turns: 16198, Time: 00:34:15

Health: -2/59      AC: 16    Str: 21      XL:     12   Next: 37%
Magic:  2/23       EV: 12    Int: 20 (21) God:    Vehumet [***...]
Gold:   422        SH:  5    Dex: 13      Spells: 7/26 levels left

rFire   + + .      SeeInvis .   L - +11 hand axe of Liquedac {speed, rElec rC- Str+9 Dex+3}
rCold   x x x      Faith    .   g - +0 buckler
rNeg    + . .      Spirit   .   H - +1 steam dragon scales
rPois   ∞          Reflect  .   (no helmet)
rElec   +          Harm     .   (no cloak)
rCorr   .          Rampage  .   v - +0 pair of gloves
Will    .....                   N - +0 pair of boots {Stlth+}
Stlth   +++.......              p - amulet of magic regeneration
HPRegen 0.19/turn               j - ring of fire
MPRegen 0.43/turn               r - ring of fire

@: hasted, very quick
A: sickness immunity, AC +8, negative energy resistance 1, electricity
resistance, torment resistance 1, petrification resistance, deterioration 1
a: Renounce Religion


You were in a volcano.
You worshipped Vehumet.
Vehumet was most pleased with you.
You visited 3 branches of the dungeon, and saw 13 of its levels.
You also visited: Sewer, Gauntlet and Volcano.

You collected 728 gold pieces.
You spent 306 gold pieces at shops.

Inventory:

Hand Weapons
 n - a +1 short sword of freezing
 G - a +0 vorpal morningstar
 L - the +11 hand axe of Liquedac (weapon) {speed, rElec rC- Str+9 Dex+3}
   (You bought it in a shop on level 9 of the Dungeon)

   Attacks with this weapon are significantly faster.
   Str:       It affects your strength (+9).
   Dex:       It affects your dexterity (+3).
   rC:        It makes you vulnerable to cold.
   rElec:     It insulates you from electricity.
Missiles
 s - 2 throwing nets
 y - 55 stones
Armour
 g - a +0 buckler (worn)
 k - a +0 pair of boots
 v - a +0 pair of gloves (worn)
 H - +1 steam dragon scales (worn)
 N - a +0 pair of boots of stealth (worn)
Magical Staves
 Q - a staff of cold
Jewellery
 a - a ring of willpower
 j - a ring of fire (left hand)
 p - an amulet of magic regeneration (around neck)
 r - a ring of fire (right hand)
 z - an amulet of guardian spirit
 J - the ring of Ceguba {Ice Contam Str+3 Stlth+}
   (You took it off an orc warrior on level 9 of the Dungeon)

   [ring of ice]

   It enhances your ice magic.
   Str:       It affects your strength (+3).
   rF:        It makes you vulnerable to fire.
   rC:        It protects you from cold.
   Contam:    It causes magical contamination when unequipped.
   Stlth:     It makes you more stealthy.
 M - a ring of wizardry
 O - a +4 ring of evasion
Wands
 m - a wand of acid (12)
 F - a wand of digging (4)
 P - a wand of mindburst (14)
 R - a wand of paralysis (13)
 S - a wand of flame (15)
Scrolls
 b - a scroll of enchant armour
 c - 3 scrolls of fear
 d - 6 scrolls of identify
 i - 5 scrolls of teleportation
 o - a scroll of enchant weapon {unknown}
 w - a scroll of magic mapping
 A - 3 scrolls of fog
 I - a scroll of amnesia
 K - a scroll of blinking
 T - a scroll of immolation {unknown}
Potions
 e - 3 potions of brilliance
 f - a potion of haste
 h - a potion of flight
 l - 3 potions of magic
 q - 3 potions of curing {unknown}
 t - 3 potions of mutation {unknown}
 u - 3 potions of might
 x - 2 potions of degeneration {unknown}
 B - 2 potions of resistance {unknown}
 C - a potion of ambrosia
 D - 2 potions of berserk rage {unknown}
 E - a potion of cancellation {unknown}


   Skills:
 - Level 1.5 Dodging
 - Level 2.1 Stealth
 - Level 4.0 Shields
 + Level 7.6 Spellcasting
 * Level 12.3 Conjurations
 + Level 6.7 Transmutations
 * Level 13.8 Earth Magic


You had 7 spell levels left.
You knew the following spells:

 Your Spells              Type           Power      Damage    Failure   Level
a - Sandblast             Erth           100%       2d20      1%          1
b - Stone Arrow           Conj/Erth      100%       3d13      1%          3
c - Petrify               Tmut/Erth      48%        N/A       1%          4
d - Iron Shot             Conj/Erth      28%        9d6       1%          6
e - Iskenderun's Battles  Conj           54%        2d10      1%          5

Your spell library contained the following spells:

 Spells                   Type           Power      Damage    Failure   Level
 Ignite Poison            Fire/Tmut/Pois 37%        N/A       3%          3
 Passwall                 Tmut/Erth      40%        N/A       1%          2
 Dazzling Flash           Conj/Hex       64%        N/A       1%          3
 Iskenderun's Mystic Bla  Conj/Tloc      32%        2d8       1%          4
 Sting                    Tmut/Pois      84%        1d7       2%          1
 Poisonous Vapours        Pois/Air       14%        N/A       4%          2
 Ensorcelled Hibernation  Hex/Ice        14%        N/A       14%         2
 Olgreb's Toxic Radiance  Pois           7%         N/A       22%         4
 Gell's Gravitas          Tloc           7%         N/A       26%         3
 Lesser Beckoning         Tloc           7%         N/A       26%         3
 Teleport Other           Tloc           7%         N/A       26%         3
 Tukima's Dance           Hex            7%         N/A       26%         3
 Starburst                Conj/Fire      32%        6d10      26%         6
 Spellforged Servitor     Conj/Summ      16%        N/A       78%         7


Dungeon Overview and Level Annotations

Branches:
Dungeon (11/15)            Temple (1/1) D:6            Lair (1/6) D:9
  Sewer (visited)         Volcano (1/1)             Gauntlet (visited)
    Orc: D:9-12

Altars:
Ashenzari
Cheibriados
Dithmenos
Elyvilon
Fedhas
Gozag
Hepliaklqana
Kikubaaqudgha
Makhleb
Nemelex Xobeh
Okawaru
Qazlal
Ru
Sif Muna
Trog
Uskayaw
Vehumet
Wu Jian
Xom
Yredelemnul
Zin
The Shining One

Shops:
D:4 *   D:8 *   D:9 (

Annotations:
D:11 3 runed translucent doors, cheechan's ghost, journeyman NaCK


Innate Abilities, Weirdness & Mutations

You are immune to sickness and miasma.
Your stone body is resilient. (AC +8)
You are immune to poison.
You resist negative energy. (rN+)
You are resistant to electric shocks. (rElec)
You are resistant to unholy torment.
You are immune to petrification.
Your body sometimes deteriorates upon taking damage.


Message History

Aiming: Sandblast (safe; 1% risk of failure)
Press: ? - help, Shift-Dir - straight line, f/p - gargoyle
Aim: a gargoyle, wielding a +0 mace (severely damaged, 92% to hit)
The blast of sand hits the gargoyle but does no damage.
The gargoyle is severely damaged.
Unknown command.
The efreet drinks a potion.
The efreet seems to speed up.
The gargoyle hurls a stone arrow at you.
The stone arrow misses you.
Casting: Sandblast (safe; 1% risk of failure)
Confirm with . or Enter, or press ? or * to list all spells.
Aiming: Sandblast (safe; 1% risk of failure)
Press: ? - help, Shift-Dir - straight line, f/p - gargoyle
Aim: a gargoyle, wielding a +0 mace (severely damaged, 92% to hit)
The blast of sand hits the gargoyle but does no damage.
The gargoyle is severely damaged.
Unknown command.
Casting: Sandblast (safe; 1% risk of failure)
Confirm with . or Enter, or press ? or * to list all spells.
Aiming: Sandblast (safe; 1% risk of failure)
Press: ? - help, Shift-Dir - straight line, f/p - gargoyle
Aim: a gargoyle, wielding a +0 mace (severely damaged, 92% to hit)
The blast of sand hits the gargoyle but does no damage.
The gargoyle is severely damaged.
The gargoyle hurls a stone arrow at you.
The stone arrow hits you!!
Unknown command.
The air gets thick with the scent of sulphur.
The efreet gestures at you. The bolt of fire hits you. You resist.
Your body deteriorates!
You feel dopey.
The gargoyle hurls a stone arrow at you.
The stone arrow hits you!
* * * LOW HITPOINT WARNING * * *
You feel yourself speed up.
The gargoyle hurls a stone arrow at you.
The stone arrow misses you.
Okay, then.
The efreet hits you with a +4 scimitar of flaming!!
You die...

##..≈≈≈§# # #...≈§≈°# ###.
##..≈≈○## #..####### ####
##.≈≈§§#
#...##..###..###.##≈§##
#.............#.## ###
##...≈≈§≈≈§≈....### ###
#...≈≈≈≈≈§≈§§.....## #°##
...§≈§§§≈§≈≈≈§≈.@..# ##≈≈#
.§§≈§§§§≈≈≈≈≈≈.R..## ##§§§##
..§≈§§§§≈≈≈§≈≈○....# ##§§§§≈#
.§.≈≈≈§§≈§≈§≈°9...#### #≈§.∩§≈#
....§≈§≈§§≈§.°.....#.###∩§§§..#
#........§.......##..##.....###
###.###.###.#########..##...# #
### ### ##○# ######### # #.#


You could see an efreet (fast) and a gargoyle.

Vanquished Creatures
  A centaur warrior (D:9)
  4 two-headed ogres
  Pikel (D:7)
  A deep elf pyromancer (D:9)
  2 cyclopes (D:11)
  2 manticores (D:11)
  Maggie (D:7)
  2 trolls (D:11)
  3 hogs (D:7)
  A shadow (D:11)
  2 wraiths
  13 yaks
  3 wyverns
  A fire elemental (Volcano)
  A human (D:7)
  3 steam dragons
  5 acid dragons
  2 water moccasins
  3 sky beasts
  9 orc warriors
  A hornet zombie (D:6)
  2 necrophages
  3 black bears
  2 ogres
  5 centaurs
  A lemure (D:7)
  A phantom (D:5)
  A kobold brigand (D:8)
  11 bullfrogs
  5 scorpions
  An earth elemental (Volcano)
  A wyvern zombie (D:6)
  A water moccasin skeleton (D:5)
  10 killer bees
  8 wights
  2 howler monkeys
  A bullfrog zombie (D:5)
  4 centaur zombies
  A centaur skeleton (D:5)
  3 gnoll shamans
  7 orc priests
  2 hounds (D:5)
  A jelly (D:6)
  2 bullfrog skeletons
  3 iguanas
  11 orc wizards
  17 adders
  22 gnolls
  A howler monkey zombie (D:3)
  A howler monkey skeleton (D:7)
  4 river rats (Sewer)
  2 white imps
  An ufetubus (D:4)
  3 dart slugs
  3 worms
  32 orcs
  15 ball pythons
  7 endoplasms
  7 giant cockroaches
  2 hobgoblins
  7 kobolds
  10 quokkas
  3 bats
  6 frilled lizards
  9 goblins
  30 rats
  2 toadstools (D:1)
334 creatures vanquished.

Vanquished Creatures (others)
  An orc (D:8)
  A demonic plant (D:1)
  5 fungi
  6 plants
  2 toadstools (D:1)
15 creatures vanquished.

Grand Total: 349 creatures vanquished

Notes
Turn   | Place    | Note
-------+----------+-------------------------------------------
     0 | D:1      | ders the Gargoyle Earth Elementalist began the quest for
                  | the Orb.
     0 | D:1      | Reached XP level 1. HP: 10/10 MP: 3/3
   207 | D:1      | Reached skill level 1 in Conjurations
   207 | D:1      | Reached skill level 1 in Transmutations
   207 | D:1      | Reached XP level 2. HP: 15/15 MP: 3/5
   246 | D:1      | Found a faded altar of an unknown god.
  1326 | D:2      | Reached XP level 3. HP: 19/19 MP: 4/6
  1332 | D:2      | Learned a level 3 spell: Stone Arrow
  1423 | D:2      | Reached skill level 4 in Earth Magic
  1667 | D:2      | Reached XP level 4. HP: 24/24 MP: 1/7
  2306 | D:3      | Noticed a sky beast
  2699 | D:1      | Killed a sky beast
  2700 | D:1      | Reached XP level 5. HP: 8/28 MP: 0/9
  2962 | D:3      | Reached skill level 5 in Earth Magic
  3020 | D:3      | Found a snail-covered altar of Cheibriados.
  3164 | D:3      | Reached XP level 6. HP: 32/32 MP: 6/10
  3640 | D:3      | Learned a level 4 spell: Petrify
  3843 | D:4      | Found Nafol's Assorted Antiques.
  3870 | D:4      | Noticed a necrophage
  3876 | D:4      | Killed a necrophage
  4090 | D:4      | Found a glowing silver altar of Zin.
  4296 | D:4      | Reached XP level 7. HP: 23/36 MP: 6/11
  4300 | D:4      | Reached skill level 6 in Earth Magic
  4908 | D:5      | Entered Level 5 of the Dungeon
  5035 | D:5      | Found a glowing drain.
  5053 | Sewer    | Entered a sewer
  5167 | Sewer    | Reached skill level 5 in Conjurations
  5584 | Sewer    | Reached skill level 7 in Earth Magic
  5584 | Sewer    | Reached XP level 8. HP: 23/41 MP: 10/13
  6264 | D:5      | Reached skill level 1 in Shields
  6879 | D:5      | Reached skill level 8 in Earth Magic
  7141 | D:5      | Found an ancient bone altar of Kikubaaqudgha.
  7277 | D:6      | Reached XP level 9. HP: 45/45 MP: 1/15
  7659 | D:6      | Found a staircase to the Ecumenical Temple.
  7668 | Temple   | Entered the Ecumenical Temple
  7847 | Temple   | Became a worshipper of Vehumet
  7939 | D:6      | Reached skill level 9 in Earth Magic
  8084 | D:6      | Reached skill level 5 in Spellcasting
  8761 | D:7      | Reached XP level 10. HP: 50/50 MP: 5/17
  9229 | D:7      | Noticed Pikel
  9232 | D:7      | Killed Pikel
  9233 | D:7      | Reached skill level 10 in Earth Magic
  9268 | D:7      | Reached * piety under Vehumet
  9268 | D:7      | Offered knowledge of Shock by Vehumet.
  9380 | D:7      | Noticed Maggie
  9384 | D:7      | Killed Maggie
 10129 | D:8      | Reached skill level 5 in Transmutations
 10315 | D:8      | Found an ornate altar of the Wu Jian Council.
 10448 | D:8      | Found Asken's Assorted Antiques.
 10457 | D:8      | Bought a scroll labelled PAYLYL CUCINT for 18 gold pieces
 10613 | D:8      | Learned a level 6 spell: Iron Shot
 10795 | D:8      | Reached skill level 11 in Earth Magic
 10816 | D:8      | Noticed a two-headed ogre
 10824 | D:8      | Killed a two-headed ogre
 11383 | D:8      | Reached skill level 10 in Conjurations
 11632 | D:8      | Found a stormy altar of Qazlal.
 11632 | D:8      | Found a sparkling altar of Nemelex Xobeh.
 11820 | D:9      | Reached XP level 11. HP: 48/54 MP: 16/20
 11992 | D:9      | Offered knowledge of Foxfire by Vehumet.
 12112 | D:9      | Identified the ring of Ceguba {Ice Contam Str+3 Stlth+}
 12122 | D:9      | Reached ** piety under Vehumet
 12682 | D:9      | Found Dutaam's Antique Weapon Shoppe.
 12685 | D:9      | Bought a warped hand axe for 288 gold pieces
 12685 | D:9      | Identified the +11 hand axe of Liquedac {speed, rElec rC-
                  | Str+9 Dex+3} (You bought it in a shop on level 9 of the
                  | Dungeon)
 12698 | D:9      | Found a staircase to the Lair.
 12850 | D:9      | Reached skill level 12 in Earth Magic
 12850 | D:9      | Noticed a deep elf pyromancer
 12853 | D:9      | Noticed a centaur warrior
 12854 | D:9      | Killed a deep elf pyromancer
 12858 | D:9      | Killed a centaur warrior
 12874 | D:9      | Noticed a two-headed ogre
 13046 | D:9      | Offered knowledge of Conjure Flame by Vehumet.
 13264 | D:9      | Killed a two-headed ogre
 13343 | D:10     | Entered Level 10 of the Dungeon
 13352 | D:10     | Identified the +4 trident "Ybanakho" {drain, Fly rCorr MP-9
                  | Str-2}
 13359 | D:10     | Learned a level 5 spell: Iskenderun's Battlesphere
 13839 | D:10     | Identified the +5 chain mail of Death Resistance {Harm
                  | Int+4}
 14077 | D:11     | Found a gate leading to a gauntlet.
 14091 | D:11     | Noticed a two-headed ogre
 14107 | Gauntlet | Entered a Gauntlet
 14107 | Gauntlet | Found a transporter.
 14116 | Gauntlet | Found a transporter.
 14131 | Gauntlet | Found a transporter.
 14136 | Gauntlet | Found a transporter.
 14153 | Gauntlet | Found a transporter.
 14170 | Gauntlet | Found a transporter.
 14178 | Gauntlet | Found a large runed translucent door.
 14179 | Gauntlet | Found a large runed translucent door.
 14179 | Gauntlet | Noticed a quicksilver ooze
 14180 | Gauntlet | Found a large runed translucent door.
 14180 | Gauntlet | Found a large runed translucent door.
 14181 | Gauntlet | Found a runed translucent gate.
 14182 | Gauntlet | Found a transporter.
 14182 | Gauntlet | Found a runed translucent gate.
 14183 | Gauntlet | Found a runed translucent gate.
 14184 | Gauntlet | Found a large runed translucent door.
 14184 | Gauntlet | Found a large runed translucent door.
 14184 | Gauntlet | Found a runed translucent door.
 14184 | Gauntlet | Found a runed translucent door.
 14185 | Gauntlet | Found a large runed translucent door.
 14186 | Gauntlet | Found a large runed translucent door.
 14188 | Gauntlet | Found a transporter.
 14193 | Gauntlet | Found a large runed translucent door.
 14193 | Gauntlet | Found a large runed translucent door.
 14194 | Gauntlet | Found a large runed translucent door.
 14195 | Gauntlet | Found a large runed translucent door.
 14203 | Gauntlet | Noticed a moth of wrath
 14206 | Gauntlet | Found a transporter.
 14213 | Gauntlet | Noticed an entropy weaver
 14215 | Gauntlet | Found a transporter.
 14219 | Gauntlet | Noticed a wolf spider
 14221 | Gauntlet | Found a transporter.
 14221 | Gauntlet | Found a transporter.
 14236 | Gauntlet | Found a transporter.
 14260 | Gauntlet | Found a transporter.
 14279 | Gauntlet | Found a transporter.
 14289 | Gauntlet | Noticed a wolf spider
 14305 | Gauntlet | Found a transporter.
 14307 | Gauntlet | Found a transporter.
 14411 | Gauntlet | Found a large runed translucent door.
 14411 | Gauntlet | Found a large runed translucent door.
 14412 | Gauntlet | Found a large runed translucent door.
 14413 | Gauntlet | Found a large runed translucent door.
 14519 | Gauntlet | Found a transporter.
 14595 | D:11     | Killed a two-headed ogre
 14617 | D:11     | Reached *** piety under Vehumet
 14789 | D:11     | Found a runed translucent gate.
 14789 | D:11     | Found a runed translucent gate.
 14790 | D:11     | Found a runed translucent gate.
 14793 | D:11     | Noticed cheechan's ghost (journeyman NaCK)
 14803 | D:11     | Reached skill level 13 in Earth Magic
 14983 | D:11     | Noticed a manticore
 14988 | D:11     | Killed a manticore
 15038 | D:11     | Noticed a manticore
 15046 | D:11     | Killed a manticore
 15047 | D:11     | Reached XP level 12. HP: 59/59 MP: 3/22
 15108 | D:11     | Offered knowledge of Ignite Poison by Vehumet.
 15278 | D:11     | Noticed a two-headed ogre
 15280 | D:11     | Killed a two-headed ogre
 15751 | Lair:1   | Entered Level 1 of the Lair of Beasts
 15915 | Lair:1   | Found a dark tunnel.
 15933 | Lair:1   | Gained mutation: Your body sometimes deteriorates upon
                  | taking damage. [mutagenic glow]
 15959 | Volcano  | Entered a volcano
 16198 | Volcano  | Slain by an efreet

Illustrated notes

Levels and vault maps discovered:
D:1:      ldierk_water_garden, layout_basic, shapermc_ecumenical_altar_gd
D:2:      layout_loops_cross, hangedman_glass_teeth, minmay_surrounded
D:3:      layout_rooms, mainiacjoe_overflow_small_starburst,
          grunt_ministairs_10, minmay_misc_feat_nine_boxes,
          minmay_goblin_outpost
D:4:      layout_cave_pools, zin_treasury, serial_shops, shop
D:5:      layout_loops_cross, mainiacjoe_overflow_alcove_2,
          portal_sewer_entry_f, st_stairs_2
D:6:      layout_cave_pools, minmay_temple_entry_tees
D:7:      layout_gridville, grunt_livestock, uniq_pikel, uniq_maggie
D:8:      layout_basic, nicolae_wu_jian_wuxing_cycle,
          gammafunk_temple_overflow_wave, serial_shops,
          nicolae_shop_overgrown_old_shop
D:9:      layout_loops_ring, grunt_lair_entry_orc_guard_hut, serial_shops,
          nicolae_shop_trees, minmay_alternating_orb
D:10:     layout_gridville
D:11:     layout_loops_ring, gammafunk_ghost_necromancy, gauntlet_entry_generic
Temple:   eino_temple_scatter_basement
Lair:1:   layout_chaotic_city, lightli_volcano_entry_magma_tube
Volcano:  volcano_pools

Skill      XL: |  1  2  3  4  5  6  7  8  9 10 11 12 |
---------------+-------------------------------------+-----
Conjurations   | 1 2 3 4 5 6 8 10 11 12 | 12.3
Transmutations | 1 2 3 4 5 6 |  6.7
Earth Magic    | 4 5 7 8 9 11 13 | 13.8
Spellcasting   | 3 4 5 6 7 |  7.6
Shields        | 2 3 4 |  4.0
Dodging        | |  1.5
Stealth        | |  2.1

Action                   |  1- 3 |  4- 6 |  7- 9 | 10-12 || total
-------------------------+-------+-------+-------+-------++-------
Melee: Unarmed           |     5 |       |       |       ||     5
       Short sword       |     5 |     2 |    18 |       ||    25
       Hand axe          |       |       |       |    13 ||    13
 Cast: Sandblast         |    42 |    75 |    61 |    72 ||   250
       Stone Arrow       |       |    13 |   148 |   191 ||   352
       Petrify           |       |       |     2 |     1 ||     3
       Iron Shot         |       |       |       |    24 ||    24
  Use: Potion            |       |     1 |     3 |     1 ||     5
       Scroll            |       |       |     7 |     9 ||    16
Armor: Robe              |     5 |    15 |    65 |       ||    85
       Steam dragon scal |       |       |    19 |    45 ||    64
Dodge: Dodged            |     5 |    15 |   137 |    63 ||   220
Block: Buckler           |       |       |     5 |    25 ||    30

Table legend: (Time is in decaauts)
 A = Elapsed time spent in this place.
 B = Non-inter-level travel time spent in this place.
 C = Inter-level travel time spent in this place.
 D = Time resting spent in this place.
 E = Time spent auto-exploring this place.
 F = Levels seen in this place.
 G = Mean time per level.
                   A        B        C        D        E       F      G
               +--------+--------+--------+--------+--------+-----+--------+
         Total |  16317 |  15252 |   1065 |   5952 |   6660 |  16 | 1019.8 |
       Dungeon |  14220 |  13280 |    940 |   5330 |   6088 |  11 | 1292.7 |
        Temple |    196 |    161 |     35 |      0 |    146 |   1 |  196.0 |
          Lair |    205 |    115 |     90 |     68 |      0 |   1 |  205.0 |
         Sewer |   1017 |   1017 |      0 |    427 |    149 |   1 | 1017.0 |
       Volcano |    238 |    238 |      0 |    127 |      0 |   1 |  238.0 |
      Gauntlet |    438 |    438 |      0 |      0 |    277 |   1 |  438.0 |
               +--------+--------+--------+--------+--------+-----+--------+

Top non-repeatable levels by time:
     D:7: 1614 daAuts
     D:9: 1598 daAuts
     D:2: 1498 daAuts
     D:1: 1484 daAuts
     D:8: 1439 daAuts
     D:4: 1291 daAuts
     D:5: 1255 daAuts
    D:11: 1213 daAuts
     D:6: 1166 daAuts
   Sewer: 1017 daAuts
     D:3: 922 daAuts
    D:10: 735 daAuts
Gauntlet: 438 daAuts
 Volcano: 238 daAuts
  Lair:1: 205 daAuts
